 Dungeon Crawl Stone Soup version 0.32-a0-918-g0f22ef8d61 (webtiles) character file.

Game seed: 17396352205049687786

220862 retardedninja the Warrior (level 19, -10/153 HPs)
             Began as a Coglin Fighter on Apr 9, 2024.
             Was a High Priest of Hepliaklqana.
             Mangled by a red very ugly thing (31 damage)
             ... on level 2 of the Vaults on Apr 10, 2024.
             The game lasted 01:21:18 (43659 turns).

retardedninja the Warrior (Coglin Fighter)         Turns: 43659, Time: 01:21:19

Health: -10/153    AC: 31    Str: 23    XL:     19   Next: 19%
Magic:  22/26      EV:  6    Int: 10    God:    Hepliaklqana [*****.]
Gold:   2507       SH:  0    Dex: 15    Spells: 18/18 levels left

rFire   . . .        E - +4 broad axe (freeze) {Bo}
rCold   + . .        d - +3 broad axe (distort) {Chinhae}
rNeg    . . .        G - +5 plate armour
rPois   +            D - +0 helmet
rElec   .            c - +0 cloak
rCorr   +            B - +2 pair of gloves "Inkote" {Will+ Int+2 SInv}
SInv    +            u - +0 pair of boots
Will    ++...        (amulet unavailable) Stlth
                     (ring unavailable)
HPRegen 0.45/turn    (ring unavailable)
MPRegen 0.20/turn    J - recursive core {RevParry, rPois rC+ rCorr}

%: no passive effects
@: studying Unarmed Combat, revving
A: reduced essence, off-hand wielding, slow wielding, warmup strikes, no
jewellery
}: 1/15 runes: barnacled
a: Renounce Religion, Recall Ancestor, Ancestor Identity, Transference, Idealise


You were on level 2 of the Vaults.
You worshipped Hepliaklqana.
Hepliaklqana was extremely pleased with you.
You visited 7 branches of the dungeon, and saw 30 of its levels.

You collected 3708 gold pieces.
You spent 1201 gold pieces at shops.

Inventory:

Hand Weapons
 a - a +4 war axe of protection {Yuphin}
 d - a +3 broad axe of distortion (offhand) {Chinhae}
 E - a +4 broad axe of freezing (weapon) {Bo}
Missiles
 l - 8 javelins (quivered)
 q - 2 throwing nets
Armour
 c - a +0 cloak (worn)
 u - a +0 pair of boots (worn)
 B - the +2 pair of gloves "Inkote" (worn) {Will+ Int+2 SInv}
   (You found it on level 5 of the Dungeon)

   Int+2:     It affects your intelligence (+2).
   Will+:     It increases your willpower.
   SInv:      It lets you see invisible.
 D - a +0 helmet (worn)
 G - a +5 plate armour (worn)
Gizmo
 J - a recursive core (installed) {RevParry, rPois rC+ rCorr}
   (You invented it yourself on level 4 of the Lair of Beasts)

   [recursive core]

   RevParry:  Your AC increases as you Rev (up to +5) and while fully Revved,
   your attacks may disarm enemies.
   rC+:       It protects you from cold.
   rPois:     It protects you from poison.
   rCorr:     It protects you from acid and corrosion.
Wands
 f - a wand of polymorph (8)
 n - a wand of paralysis (15)
 y - a wand of flame (47)
 A - a wand of warping (2)
 N - a wand of digging (7)
Scrolls
 b - 12 scrolls of identify
 e - 4 scrolls of immolation
 g - 2 scrolls of poison
 k - 10 scrolls of teleportation
 m - a scroll of butterflies
 p - a scroll of noise
 r - 4 scrolls of silence
 s - a scroll of enchant weapon
 x - 7 scrolls of vulnerability
 z - 5 scrolls of fog
 K - 4 scrolls of amnesia
Potions
 h - 4 potions of enlightenment
 i - 3 potions of brilliance
 j - a potion of lignification
 o - 2 potions of cancellation
 t - 4 potions of resistance
 v - 7 potions of attraction
 w - 5 potions of mutation
Miscellaneous
 H - a phantom mirror (inert)
 L - a tin of tremorstones (inert)


   Skills:
 * Level 20.7 Fighting
 * Level 20.1 Axes
 + Level 4.2 Throwing
 + Level 13.8 Armour
 - Level 2.1 Shields
 + Level 9.4 Invocations


You had 18 spell levels left.
You didn't know any spells.
Your spell library contained the following spells:

 Spells                   Type           Power      Damage    Failure   Level
 Slow                     Hex            0%         N/A       98%         1
 Sting                    Conj/Alch      0%         1d3       98%         1
 Cigotuvi's Dreadful Rot  Necr/Alch/Air  0%         N/A       99%         2
 Ensorcelled Hibernation  Hex/Ice        0%         N/A       99%         2
 Mercury Vapours          Alch/Air       0%         N/A       99%         2
 Dazzling Flash           Conj/Hex       0%         N/A       100%        3
 Inner Flame              Hex/Fire       0%         N/A       100%        3
 Mephitic Cloud           Conj/Alch/Air  0%         N/A       100%        3
 Passwall                 Erth           0%         N/A       100%        3
 Swiftness                Air            0%         N/A       100%        3
 Anguish                  Hex/Necr       0%         N/A       100%        4
 Cause Fear               Hex            0%         N/A       100%        4
 Ignite Poison            Fire/Alch      0%         N/A       100%        4
 Olgreb's Toxic Radiance  Alch           0%         N/A       100%        4
 Curse of Agony           Necr           0%         N/A       100%        5
 Freezing Cloud           Conj/Ice/Air   0%         6-21      100%        5
 Irradiate                Conj/Alch      0%         3d11      100%        5
 Silence                  Hex/Air        0%         N/A       100%        5
 Conjure Ball Lightning   Conj/Air       0%         3x3d6     100%        6
 Enfeeble                 Hex            0%         N/A       100%        7
 Haunt                    Necr/Summ      0%         N/A       100%        7
 Ozocubu's Refrigeration  Ice            0%         4d7       100%        7
 Borgnjor's Revivificati  Necr           0%         N/A       100%        8
 Discord                  Hex            0%         N/A       100%        8
 Disjunction              Tloc           0%         N/A       100%        8
 Ignition                 Fire           0%         3d3       100%        8
 Chain Lightning          Conj/Air       0%         N/A       100%        9
 Death's Door             Necr           0%         N/A       100%        9


Dungeon Overview and Level Annotations

Branches:
Dungeon (15/15)            Temple (1/1) D:4            Lair (5/5) D:9
 Shoals (4/4) Lair:3       Spider (1/4) Lair:3        Slime (0/5) Lair:5
    Orc (2/2) D:9             Elf (0/3) Orc:2        Vaults (2/5) D:13
 Depths (0/4) D:15
  Crypt: Vaults:2-3

Altars:
Ashenzari
Cheibriados
Dithmenos
Elyvilon
Fedhas
Gozag
Hepliaklqana
Kikubaaqudgha
Makhleb
Nemelex Xobeh
Okawaru
Qazlal
Ru
Sif Muna
Trog
Uskayaw
Vehumet
Wu Jian
Xom
Yredelemnul
Zin
The Shining One
Beogh
Jiyva
Lugonu

Shops:
D:6 [   D:7 ?   Orc:1 ((*   Orc:2 (((*(   Shoals:4 *   Vaults:1 [

Portals:
Abyss: Lair:5

Annotations:
D:3 3 runed translucent doors, olddryhag's ghost, amateur DsWn
D:7 1 runed translucent door
D:8 6 transporters
D:10 3 runed translucent doors, Doorstop00's ghost, journeyman MiBe
D:12 exclusion: ice statue
Shoals:3 3 runed translucent doors, exclusion: obsidian statue, Daunt's ghost, adept CoGl
Orc:2 3 runed translucent doors, Stellion's ghost, journeyman FeCj


Innate Abilities, Weirdness & Mutations

Your life essence is reduced to manifest your ancestor. (-10% HP)
You can wield a second weapon in your off-hand.
It takes a long time for you to wield or remove held weapons.
Your first few attacks do less damage.
You cannot equip rings or amulets.


Message History

Cuibiywk is engulfed in flames!
Cuibiywk resists.
The vault warden hits you from afar with a +3 glaive of freezing!!
The vault warden freezes you.
Cuibiywk barely misses the red very ugly thing.
The yaktaur captain shoots a bolt.
The bolt hits Cuibiywk!
Cuibiywk closely misses the red very ugly thing.
The red very ugly thing tail-slaps Cuibiywk.
Cuibiywk is engulfed in flames!
Cuibiywk resists.
Cuibiywk is destroyed!
The vault warden hits you from afar with a +3 glaive of freezing.
The yaktaur captain shoots a bolt.
The bolt hits you.
The red very ugly thing tail-slaps you but does no damage.
The vault warden hits you with a +3 glaive of freezing!
* * * LOW HITPOINT WARNING * * *
The vault warden freezes you.
* * * LOW HITPOINT WARNING * * *
The yaktaur captain unwields a +0 arbalest.
The yaktaur captain hits you!
* * * LOW HITPOINT WARNING * * *
Things that are here:
a +0 halberd; a +0 chain mail You slice the yaktaur captain with your +3 broad axe of distortion!!
Space warps around the yaktaur captain.
The yaktaur captain is moderately wounded.
You hit the vault warden with your +3 broad axe of distortion.
Space warps horribly around the vault warden!!
You slash the red very ugly thing with your +3 broad axe of distortion!
Space warps around the red very ugly thing.
You barely miss the yaktaur captain with your +4 broad axe of freezing.
You slice the vault warden with your +4 broad axe of freezing!!
You freeze the vault warden.
You kill the vault warden!
You closely miss the red very ugly thing with your +4 broad axe of freezing.
The red very ugly thing tail-slaps you.
* * * LOW HITPOINT WARNING * * *
You are engulfed in flames!!
You die...
Hepliaklqana delivers you to your ancestors.

.#.#.#.#.#.....#
#.#.#.#.##.....#
.#...#.#.#.....#
##########.....#
..........# ####
# ####...)..#
.#.#.## #......#
......#
#......##)....##
#......'@c.....#
#......##u....##
#......# ......#
#......# .#.#.##
#......# #### #
#......#
#......#
+......#


You could see a red very ugly thing and a yaktaur captain.

Vanquished Creatures
  A shadow dragon (Vaults:1)
  Ilsuiw (Shoals:4)
  Aizul (Shoals:3)
  3 vault wardens
  5 ironbound preservers
  An ironbound thunderhulk (Vaults:1)
  A dire elephant (Vaults:1)
  Azrael (Orc:2)
  2 merfolk javelineers (Shoals:4)
  An entropy weaver (Vaults:1)
  A deep elf high priest (Vaults:1)
  5 merfolk impalers
  3 yaktaur captains
  A vault guard (Vaults:1)
  A great orb of eyes (Vaults:1)
  2 hydras
  A radroach (Spider:1)
  5 ogre magi
  A catoblepas (Lair:2)
  A death knight (D:14)
  2 ironbound frosthearts
  3 merfolk aquamancers
  4 boulder beetles
  A merfolk avatar (Shoals:4)
  2 satyrs
  8 centaur warriors
  6 death yaks (Lair:2)
  15 two-headed ogres
  An orc high priest (Orc:1)
  2 deep troll earth magi (Vaults:1)
  3 thrashing horrors (Lair:5)
  Urug (Lair:2)
  A deep troll (shapeshifter) (Vaults:1)
  9 deep trolls
  3 skeletal warriors
  4 skysharks
  A storm dragon skeleton (D:15)
  9 sea snakes
  4 arcanists
  15 harpies
  2 sun moths (Lair:3)
  2 deep elf pyromancers
  A necromancer (D:15)
  8 ironbound convokers
  4 lindwurms
  3 large abominations (Lair:5)
  2 orc knights
  10 manticores
  18 fauns
  7 ugly things
  6 cyclopes
  4 merfolk sirens
  A meliai (shapeshifter) (D:9)
  3 meliai (D:13)
  Joseph (D:7)
  4 kobold blastminers
  5 vault sentinels
  3 water nymphs (Shoals:2)
  3 black mambas
  A torpor snail (Lair:3)
  2 cane toads (shapeshifter) (D:14)
  A gargoyle (D:12)
  2 smoke demons (Lair:5)
  7 cane toads
  A kobold demonologist (D:12)
  7 komodo dragons
  An efreet (D:14)
  5 yaktaurs (Vaults:1)
  23 merfolk
  3 wind drakes
  7 trolls
  7 polar bears
  4 snapping turtles
  2 dream sheep
  27 blink frogs
  13 slime creatures
  2 spriggans (Lair:5)
  A shadow (D:11)
  2 wraiths
  2 ynoxinuls (Lair:5)
  7 small abominations (Lair:5)
  A culicivora (Lair:3)
  46 yaks
  15 humans (D:13)
  5 hogs (D:13)
  3 water elementals (Shoals:3)
  A yak (shapeshifter) (D:15)
  A basilisk (Lair:5)
  A steam dragon (D:9)
  A warg (Orc:2)
  6 wyverns
  3 vampire mosquitoes (D:13)
  2 fire elementals (Orc:2)
  5 redbacks
  A hell hound (Orc:2)
  9 water moccasins
  A meliai simulacrum (D:14)
  A sky beast (D:7)
  3 black bears
  20 orc warriors
  4 ice beasts (D:12)
  33 ogres
  5 centaurs
  3 wolves (Lair:2)
  A phantom (D:7)
  A kobold brigand (D:9)
  10 bullfrogs
  4 scorpions
  A howler monkey (D:4)
  A jelly (D:6)
  2 gnoll boudas
  4 hounds
  10 orc priests
  4 sleepcaps
  2 iguanas
  Ijyb (D:4)
  15 orc wizards
  3 hell rats (Lair:5)
  7 river rats (Lair:5)
  7 adders
  6 gnolls
  4 white imps
  2 ufetubi (D:5)
  3 dart slugs
  55 orcs
  5 endoplasms
  5 giant cockroaches
  4 goblins
  3 hobgoblins
  3 jackals (D:4)
  14 kobolds
  4 quokkas
  5 ball pythons
  7 bats
  5 frilled lizards
  6 rats
  2 tentacles (Shoals:1)
722 creatures vanquished.

Vanquished Creatures (collateral kills)
  Mlioglotl (Shoals:3)
  A kraken (Shoals:4)
  Kirke (D:13)
  A frost giant (Vaults:1)
  An orc warlord (Vaults:1)
  An ironbound thunderhulk (Vaults:1)
  Nessos (D:13)
  Snorg (Orc:2)
  2 yaktaur captains (Vaults:1)
  6 merfolk impalers
  5 merfolk javelineers (Shoals:4)
  2 hydras
  Fannar (D:10)
  An entropy weaver (Spider:1)
  2 alligator snapping turtles
  2 two-headed ogres (Orc:2)
  2 centaur warriors
  A merfolk avatar (Shoals:1)
  4 merfolk aquamancers
  A vampire mage (D:15)
  A skyshark (Shoals:1)
  A storm dragon skeleton (D:15)
  An orb spider (Spider:1)
  4 deep trolls
  A sea snake (Shoals:4)
  Lodul (D:10)
  3 ironbound convokers (Vaults:1)
  An obsidian bat (Orc:1)
  9 harpies
  An orc knight (D:13)
  3 ugly things
  7 manticores
  Maurice (D:10)
  A cyclops (D:11)
  11 fauns
  2 vault sentinels
  A water nymph (Shoals:4)
  3 merfolk sirens
  A black mamba (shapeshifter) (Lair:5)
  A smoke demon (Lair:5)
  A komodo dragon (Lair:1)
  2 cane toads (Lair:5)
  A yaktaur (Vaults:1)
  An efreet (D:15)
  6 trolls
  Psyche (D:11)
  18 merfolk
  2 polar bears (Lair:4)
  A tarantella (Spider:1)
  12 blink frogs
  A jumping spider (Lair:3)
  2 raiju (Lair:5)
  3 snapping turtles
  A spriggan zombie (D:15)
  A wyvern (Lair:5)
  6 small abominations (Lair:5)
  2 wraiths
  3 slime creatures
  2 water elementals (Shoals:3)
  12 yaks
  A human (D:13)
  A hog (D:13)
  4 basilisks
  3 redbacks (Spider:1)
  An acid dragon (D:9)
  5 water moccasins
  A hell hound (Orc:2)
  2 ice beasts (D:12)
  3 orc warriors
  2 wolves (Lair:2)
  2 black bears
  A centaur (D:8)
  6 ogres
  2 kobold brigands
  3 bullfrogs (D:8)
  A jelly (D:6)
  3 orc priests
  7 orc wizards
  2 hell rats (Lair:5)
  A gnoll (D:7)
  A river rat (Lair:5)
  A shadow imp (D:7)
  21 orcs
  4 kobolds
  2 rats (Lair:5)
  3 tentacles
252 creatures vanquished.

Vanquished Creatures (others)
  A merfolk aquamancer (Shoals:4)
  A fire elemental (Orc:2)
  27 battlemagi
  An orc (Orc:2)
  20 tentacles
50 creatures vanquished.

Grand Total: 1024 creatures vanquished

Notes
Turn   | Place    | Note
-------+----------+-------------------------------------------
     0 | D:1      | retardedninja the Coglin Fighter began the quest for the
                  | Orb.
     0 | D:1      | Reached XP level 1. HP: 18/18 MP: 1/1
   344 | D:1      | Reached XP level 2. HP: 24/24 MP: 2/2
  1124 | D:2      | Reached XP level 3. HP: 29/29 MP: 3/3
  1260 | D:2      | Identified the +4 spear of Ipaniw {distort, Will++ Dex+4
                  | Stlth+}
  1730 | D:3      | Found a glowing golden altar of the Shining One.
  1781 | D:3      | Found a broken altar of Ashenzari.
  1794 | D:3      | Reached XP level 4. HP: 31/37 MP: 4/4
  2040 | D:3      | Found a runed translucent gate.
  2041 | D:3      | Found a runed translucent gate.
  2041 | D:3      | Noticed olddryhag's ghost (amateur DsWn)
  2043 | D:3      | Found a runed translucent gate.
  2043 | D:3      | Noticed a kobold brigand
  2494 | D:4      | Found an opulent altar of Gozag.
  2511 | D:4      | Found a staircase to the Ecumenical Temple.
  2530 | D:4      | Noticed Ijyb
  2537 | D:4      | Killed Ijyb
  2538 | D:4      | Reached XP level 5. HP: 34/42 MP: 5/5
  2545 | Temple   | Entered the Ecumenical Temple
  2623 | Temple   | Became a worshipper of Hepliaklqana the Forgotten
  2762 | D:4      | Noticed an ogre
  2767 | D:4      | Killed an ogre
  2768 | D:4      | Reached XP level 6. HP: 49/49 MP: 6/6
  2957 | D:4      | Reached skill level 5 in Fighting
  2973 | D:4      | Found an ornate altar of the Wu Jian Council.
  3251 | D:4      | Reached skill level 5 in Axes
  3251 | D:4      | Reached XP level 7. HP: 18/56 MP: 7/7
  3519 | D:5      | Entered Level 5 of the Dungeon
  3807 | D:5      | Identified the +2 pair of gloves "Inkote" {Will+ Int+2
                  | SInv}
  4447 | D:6      | Reached XP level 8. HP: 64/64 MP: 8/8
  4499 | D:6      | Reached * piety under Hepliaklqana
  4863 | D:6      | Found Nerpho Weyni's Armour Shoppe.
  5023 | D:6      | Reached skill level 5 in Armour
  5091 | D:6      | Found a sacrificial altar of Ru.
  5410 | D:7      | Found a blossoming altar of Fedhas.
  5478 | D:7      | Reached ** piety under Hepliaklqana
  5479 | D:7      | Remembered your ancestor Cuibiywk as a battlemage
  5499 | D:7      | Found a shimmering altar of Xom.
  5534 | D:7      | Found Ymaz Saf's Magic Scroll Boutique.
  5541 | D:7      | Reached XP level 9. HP: 62/65 MP: 9/9
  5603 | D:7      | Found a runed translucent door.
  5618 | D:7      | Noticed Joseph
  5619 | D:7      | Found a burning altar of Makhleb.
  5619 | D:7      | Noticed a sixfirhy
  5629 | D:7      | Killed Joseph
  5800 | D:7      | Found an iron altar of Okawaru.
  6286 | D:7      | Found a bloodstained altar of Trog.
  6523 | D:7      | Identified 2 scrolls of acquirement
  6523 | D:7      | Acquired 663 gold pieces
  6583 | D:6      | Bought a +0 cloak for 63 gold pieces
  6616 | D:7      | Bought a scroll of teleportation for 36 gold pieces
  6616 | D:7      | Bought a scroll of teleportation for 36 gold pieces
  6616 | D:7      | Bought a scroll of teleportation for 36 gold pieces
  6616 | D:7      | Bought a scroll of revelation for 90 gold pieces
  6616 | D:7      | Bought a scroll of identify for 24 gold pieces
  6616 | D:7      | Bought a scroll of identify for 24 gold pieces
  6616 | D:7      | Bought a scroll of identify for 24 gold pieces
  6723 | D:8      | Found a transporter.
  6726 | D:8      | Found a transporter.
  6879 | D:8      | Found a transporter.
  6880 | D:8      | Found a transporter.
  7033 | D:8      | Found a transporter.
  7034 | D:8      | Found a transporter.
  7062 | D:8      | Reached *** piety under Hepliaklqana
  7827 | D:9      | Found a staircase to the Lair.
  8040 | D:9      | Noticed a cyclops
  8061 | D:9      | Noticed a centaur warrior
  8072 | D:9      | a black bear changed into a meliai
  8072 | D:9      | Noticed a meliai (shapeshifter)
  8073 | D:9      | Killed a centaur warrior
  8074 | D:9      | Reached XP level 10. HP: 74/74 MP: 10/10
  8078 | D:9      | Killed a meliai
  8084 | D:9      | Killed a cyclops
  8085 | D:9      | Reached skill level 10 in Fighting
  8094 | D:9      | Reached skill level 10 in Axes
  8489 | D:9      | Found a staircase to the Orcish Mines.
  8710 | Orc:1    | Entered Level 1 of the Orcish Mines
  8742 | D:10     | Entered Level 10 of the Dungeon
  8751 | D:10     | Found a runed translucent gate.
  8774 | D:10     | Found a runed translucent gate.
  8775 | D:10     | Found a runed translucent gate.
  8787 | D:10     | Noticed Fannar
  8797 | D:10     | Killed Fannar
  8798 | D:10     | Reached XP level 11. HP: 28/83 MP: 11/11
  8986 | D:10     | Reached **** piety under Hepliaklqana
  9093 | D:10     | Noticed Maurice
  9096 | D:10     | Found an ancient bone altar of Kikubaaqudgha.
  9107 | D:10     | Maurice stole 2 javelins
  9108 | D:10     | Maurice stole the +4 spear of Ipaniw {distort, Will++ Dex+4
                  | Stlth+}
  9108 | D:10     | Killed Maurice
  9230 | D:10     | Noticed Lodul
  9260 | D:10     | Noticed a two-headed ogre
  9762 | D:10     | Identified the +12 long sword "Echuorph" {spect, +Blink
                  | Dex+8}
  9785 | D:10     | Killed a two-headed ogre
  9943 | D:10     | Noticed Doorstop00's ghost (journeyman MiBe)
  9981 | D:10     | Killed Lodul
 10668 | D:11     | Noticed Psyche
 10674 | D:11     | Killed Psyche
 10775 | D:11     | Noticed a cyclops
 10781 | D:11     | Killed a cyclops
 10897 | D:11     | Noticed a red ugly thing
 10903 | D:11     | Killed a red ugly thing
 11396 | Lair:1   | Entered Level 1 of the Lair of Beasts
 11533 | Lair:1   | Reached XP level 12. HP: 73/92 MP: 12/12
 11591 | Lair:1   | Acquired a +0 broad axe of freezing
 12292 | Lair:1   | Reached ***** piety under Hepliaklqana
 12663 | Lair:2   | Noticed Urug
 12675 | Lair:2   | Killed Urug
 13092 | Lair:2   | Noticed a catoblepas
 13101 | Lair:2   | Killed a catoblepas
 13454 | Lair:2   | Noticed a death yak
 13454 | Lair:2   | Noticed a death yak
 13454 | Lair:2   | Noticed a death yak
 13454 | Lair:2   | Noticed a death yak
 13455 | Lair:2   | Noticed a death yak
 13455 | Lair:2   | Noticed a death yak
 13460 | Lair:2   | Killed a death yak
 13466 | Lair:2   | Killed a death yak
 13467 | Lair:2   | Reached XP level 13. HP: 100/100 MP: 9/13
 13805 | Lair:3   | You fall into a shaft and drop 1 floor!
 13846 | Lair:3   | Found a hole to the Spider Nest.
 14460 | Lair:3   | Reached skill level 1 in Invocations
 14712 | Lair:3   | Found a staircase to the Shoals.
 15525 | Lair:4   | Reached skill level 10 in Armour
 15812 | Lair:4   | Reached skill level 15 in Fighting
 16096 | Lair:5   | Entered Level 5 of the Lair of Beasts
 16226 | Lair:5   | Reached skill level 15 in Axes
 16226 | Lair:5   | Reached XP level 14. HP: 100/110 MP: 16/16
 16250 | Lair:4   | Acquired a recursive core {RevParry, rPois rC+ rCorr}
 16251 | Lair:4   | Acquired a +2 broad axe of distortion
 17146 | Lair:5   | Upgraded the game from 0.32-a0-913-g739538afd8 to
                  | 0.32-a0-918-g0f22ef8d61
 17170 | Lair:5   | Found a corrupted altar of Lugonu.
 17170 | Lair:5   | Found a one-way gate to the infinite horrors of the Abyss.
 17177 | Lair:5   | Got Qaowesigi's Catalogue of the Nimbus and Execration
 17673 | Lair:5   | Found a staircase to the Slime Pits.
 17675 | Lair:5   | Found a viscous altar of Jiyva.
 18439 | D:12     | Reached ****** piety under Hepliaklqana
 19258 | D:13     | Reached XP level 15. HP: 63/118 MP: 16/18
 19551 | D:13     | Found a shimmering altar of Xom.
 19741 | D:13     | Noticed Kirke
 19742 | D:13     | Noticed Nessos
 19749 | D:13     | Reached skill level 5 in Invocations
 20445 | D:13     | Killed Nessos
 20507 | D:13     | Noticed a sphinx
 20515 | D:13     | Killed Kirke
 20639 | D:13     | Found a gate to the Vaults.
 20874 | D:14     | Found a stormy altar of Qazlal.
 20901 | D:14     | Found a hazy altar of Hepliaklqana.
 21955 | D:15     | Entered Level 15 of the Dungeon
 22376 | D:15     | Found a staircase to the Depths.
 23869 | Orc:1    | Found Myeptyen's Weapon Shoppe.
 23871 | Orc:1    | Found Jizxier's General Store.
 24021 | Orc:1    | Found Ykuvoy's Antique Weapon Emporium.
 24248 | Orc:1    | Found a roughly hewn altar of Beogh.
 24347 | Orc:1    | Found a radiant altar of Vehumet.
 24547 | Orc:2    | Entered Level 2 of the Orcish Mines
 24555 | Orc:2    | Found Wostrerur's Weapon Boutique.
 24597 | Orc:2    | Found a staircase to the Elven Halls.
 24613 | Orc:2    | Noticed Snorg
 24619 | Orc:2    | Killed Snorg
 24632 | Orc:2    | Reached XP level 16. HP: 94/126 MP: 20/20
 24643 | Orc:2    | Found Fofykam's Overcharged Wands.
 25312 | Orc:2    | Reached skill level 1 in Throwing
 25892 | Orc:2    | Noticed Azrael
 25900 | Orc:2    | Killed Azrael
 26085 | Orc:2    | Found a radiant altar of Vehumet.
 26120 | Orc:2    | Found Noovum's Antique Weapon Boutique.
 26120 | Orc:2    | Found Kibraf's Weapon Shoppe.
 26121 | Orc:2    | Found Oqaema Kuxe's Antique Weapon Emporium.
 26121 | Orc:2    | Found Diempat's Distillery.
 26132 | Orc:2    | Bought a potion of curing for 48 gold pieces
 26132 | Orc:2    | Bought a potion of lignification for 48 gold pieces
 26132 | Orc:2    | Bought a potion of might for 64 gold pieces
 26132 | Orc:2    | Bought a potion of heal wounds for 80 gold pieces
 26132 | Orc:2    | Bought a potion of berserk rage for 80 gold pieces
 26132 | Orc:2    | Bought a potion of heal wounds for 80 gold pieces
 26152 | Orc:2    | Found a runed translucent gate.
 26152 | Orc:2    | Found a runed translucent gate.
 26153 | Orc:2    | Found a runed translucent gate.
 26156 | Orc:2    | Noticed Stellion's ghost (journeyman FeCj)
 26165 | Orc:2    | Identified the +7 chain mail "Muxeeg" {rC+ Int+2}
 26165 | Orc:2    | Identified the -1 tower shield "Nickyduw" {rElec Str+2
                  | SInv}
 26318 | Orc:2    | Identified the +5 quarterstaff "Demon's Doom" {pain, Str+3}
 26321 | Orc:2    | Found a roughly hewn altar of Beogh.
 26321 | Orc:2    | Identified the amulet "Nyroppur" {Acrobat rN+}
 26490 | Shoals:1 | Entered Level 1 of the Shoals
 26983 | Shoals:1 | Noticed a kraken
 26994 | Shoals:1 | Banished a kraken
 29710 | Shoals:3 | Reached XP level 17. HP: 135/135 MP: 22/22
 29759 | Shoals:3 | Noticed Mlioglotl
 29774 | Shoals:3 | Killed Mlioglotl
 30906 | Shoals:3 | Found a runed translucent gate.
 30907 | Shoals:3 | Found a runed translucent gate.
 30908 | Shoals:3 | Found a runed translucent gate.
 30910 | Shoals:3 | Found an opulent altar of Gozag.
 31288 | Shoals:3 | Noticed Daunt's ghost (adept CoGl)
 31766 | Shoals:4 | Entered Level 4 of the Shoals
 31766 | Shoals:4 | Found Husets's Specific Store.
 31768 | Shoals:4 | Identified the serpent talisman of Ysoyfur {SInv}
 31768 | Shoals:4 | Noticed Aizul
 31882 | Shoals:3 | Killed Aizul
 34207 | Shoals:4 | Noticed Ilsuiw
 34826 | Shoals:4 | Killed Ilsuiw
 34851 | Shoals:4 | Found Zuaddieg's General Store.
 35315 | Shoals:4 | Bought a scroll of teleportation for 54 gold pieces
 35315 | Shoals:4 | Bought a potion of haste for 180 gold pieces
 35315 | Shoals:4 | Bought a potion of haste for 180 gold pieces
 35315 | Shoals:4 | Bought a potion of curing for 54 gold pieces
 36390 | Shoals:4 | Reached XP level 18. HP: 137/144 MP: 24/24
 37250 | Shoals:4 | Got a barnacled rune of Zot
 37588 | Spider:1 | Entered Level 1 of the Spider Nest
 38812 | Vaults:1 | Entered Level 1 of the Vaults
 40766 | Vaults:1 | HP: 3/143 [ironbound thunderhulk/bolt of lightning (40)]
 41260 | Vaults:1 | Found Didu's Armour Boutique.
 42289 | Vaults:1 | Reached XP level 19. HP: 119/153 MP: 25/25
 43659 | Vaults:2 | Mangled by a red very ugly thing

Illustrated notes

Levels and vault maps discovered:
D:1:      dpeg_arrival_prison, layout_basic
D:2:      layout_rooms, serial_bayou_pond_c
D:3:      layout_basic, mainiacjoe_overflow_paths, mainiacjoe_overflow_brackets,
          gammafunk_ghost_nasty_kobolds, roderic_lattice_a
D:4:      layout_basic, nicolae_wu_jian_wuxing_cycle,
          nicolae_gozag_cash_rules_everything_around_me,
          minmay_temple_entry_overgrown, kennysheep_generic_room_2, uniq_ijyb
D:5:      layout_loops_ring
D:6:      layout_loops_corners, hangedman_ru_absence, serial_shops,
          nicolae_shop_hallway_plus, minmay_door_square, kennysheep_donut
D:7:      hellmonk_crumbling_castle, layout_basic, nzn_makhleb_speed_demon,
          lightli_temple_of_fire, mainiacjoe_overflow_concentric_impassable,
          mainiacjoe_overflow_surrounded_room, mainiacjoe_overflow_24_doors,
          kennysheep_small_circle, uniq_joseph
D:8:      layout_cave_pools, minivault_10, hangedman_abyss_or_decor_stagger,
          serial_nicolae_subway, nicolae_sub_station_metal,
          nicolae_sub_station_crystal, nicolae_sub_station_stone
D:9:      layout_roguey, dpeg_oklobed_lair, david_orc_2,
          minmay_fractal_squares_gapless_7
D:10:     layout_irregular_city, kiku_gazebo_garden_becter, gammafunk_ghost_icy,
          uniq_fannar, uniq_lodul, uniq_maurice
D:11:     layout_roguey, roderic_roman_lattice, uniq_psyche
D:12:     layout_cave_pools, ice2_lemuel
D:13:     layout_rooms, david_vaults_3, xom_teletrap_fun, uniq_kirke
D:14:     minmay_the_grid_four_pointed_star_mashed
          [minmay_the_grid_triangle_9x9_minimal,
          minmay_the_grid_triangle_9x9_steps,
          minmay_the_grid_triangle_9x9_empty,
          minmay_the_grid_triangle_9x9_descending_squares,
          minmay_the_grid_prize_big_room], layout_long_grid,
          nicolae_qazlal_general_emergency, nicolae_hepliaklqana_hazy_memory
D:15:     gammafunk_depths_entry_grave, layout_grid_maze
Temple:   hellmonk_temple_of_storms
Lair:1:   layout_regular_city, patterned_corridor
Lair:2:   layout_cave_pods, infiniplex_staircase_pool_2, uniq_urug
Lair:3:   layout_loops_ring, elwin_shoals_entry_stream,
          spider_nest_entry_rubble, grunt_megastairs_2, lemuel_fruit_tree,
          serial_bayou_shore_b
Lair:4:   layout_loops_ring, serial_bayou_shore_a
Lair:5:   hellmonk_lair_end_abyssal_woods, layout_regular_city, slime_entry_1,
          kennysheep_abandoned_house, grunt_megastairs_5
Shoals:1: cheibrodos_shoals_roost, layout_shoals
Shoals:2: layout_shoals, nicolae_shoals_circle_sea_wall
Shoals:3: cheibrodos_shoals_epimethial_gifts, layout_shoals,
          ebering_ghost_gozag, uniq_mlioglotl
Shoals:4: shoals_end_grunt_garden, layout_shoals, shoal_ilsuiw,
          nicolae_specific_store, uniq_aizul
Spider:1: layout_spider_delve, nicolae_spider_nook
Orc:1:    layout_caves, serial_shops, nicolae_shop_tiny_glass, shop, shop,
          special_room [special_room_orc], basic_altar, minmay_orc_keep
Orc:2:    st_orc_ogre_mass, layout_caves, serial_shops,
          nicolae_shop_bloodbath_and_beyond, basic_altar,
          biasface_ghost_orc_armoury, nicolae_shop_overcharged_wands,
          uniq_azrael, uniq_snorg
Vaults:1: st_octagons_1, nicolae_vaults_hallways_thing, v_misc_28,
          nicolae_vaults_network_s, ontoclasm_vaults_chip,
          nicolae_vaults_stepped_doors, nicolae_vaults_tetromino_T_1,
          vaults_room_grunt_arrival_ludios, hangedman_vaults_impose,
          nicolae_vaults_offset_grid_hallway_4, nicolae_vaults_tetromino_T_2,
          grunt_vaults_funnel, nicolae_vaults_little_squares_5,
          layout_vaults_ring, serial_shops, nicolae_shop_stone
Vaults:2: nicolae_vaults_sightless_eye, v_pattern_2, v_alt_pattern_3,
          nicolae_vaults_crenellated_ambush, v_misc_18,
          nicolae_vaults_tetromino_T_1, vaults_room_corners,
          nicolae_vaults_offset_grid_hallway_3, ontoclasm_vaults_gateway,
          hangedman_vaults_nails, layout_vaults_omnigrid

Skill      XL: |  1  2  3  4  5  6  7  8  9 10 11 12 13 14 15 16 17 18 19 |
---------------+----------------------------------------------------------+-----
Armour         | 3 4 5 6 7 8 9 10 11 12 13 | 13.8
Axes           | 3 4 5 7 9 10 12 13 15 16 17 18 19 20 | 20.1
Fighting       | 4 5 6 7 9 11 12 13 15 16 17 18 19 20 | 20.7
Invocations    | 2 4 6 7 8 9 |  9.4
Throwing       | 3 4 |  4.2
Shields        | |  2.1

Action                     |  1- 3 |  4- 6 |  7- 9 | 10-12 | 13-15 | 16-18 | 19-21 || total
---------------------------+-------+-------+-------+-------+-------+-------+-------++-------
  Melee: War axe           |   100 |   120 |   246 |   324 |   538 |    38 |       ||  1366
         Whip              |    23 |       |       |       |       |       |       ||    23
         Spear             |    26 |       |       |       |       |       |       ||    26
         Broad axe         |       |       |       |    87 |   563 |   933 |    85 ||  1668
         Unarmed           |       |       |       |       |     6 |       |       ||     6
  Throw: Javelin           |       |       |       |    13 |     3 |    15 |       ||    31
 Invoke: Ancestor Life: Ba |       |       |     1 |       |       |       |       ||     1
         Recall Ancestor   |       |       |       |     1 |     5 |     7 |       ||    13
         Idealise          |       |       |       |     1 |     3 |    10 |     1 ||    15
Ability: Invent Gizmo      |       |       |       |       |     1 |       |       ||     1
  Evoke: Wand              |       |     1 |       |     7 |     6 |    12 |       ||    26
         Tin of tremorston |       |       |       |       |       |     6 |       ||     6
         Phantom mirror    |       |       |       |       |       |     1 |       ||     1
    Use: Scroll            |     3 |       |    23 |     9 |    22 |    25 |       ||    82
         Potion            |       |     1 |     2 |     4 |     8 |    23 |       ||    38
   Stab: Distracted        |       |       |     2 |     3 |    10 |    16 |       ||    31
         Invisible         |       |       |       |       |     1 |       |       ||     1
 Armour: Scale mail        |    75 |       |       |       |       |       |       ||    75
         Chain mail        |     4 |    49 |   132 |       |       |       |       ||   185
         Plate armour      |       |       |    16 |   255 |   775 |  1062 |    55 ||  2163
         Skin              |       |       |       |       |    11 |       |       ||    11
  Dodge: Dodged            |    46 |    25 |    55 |    50 |   182 |   263 |    10 ||   631

Table legend: (Time is in decaauts)
 A = Elapsed time spent in this place.
 B = Non-inter-level travel time spent in this place.
 C = Inter-level travel time spent in this place.
 D = Time resting spent in this place.
 E = Time spent auto-exploring this place.
 F = Levels seen in this place.
 G = Mean time per level.
                   A        B        C        D        E       F      G
               +--------+--------+--------+--------+--------+-----+--------+
         Total |  43715 |  41911 |   1804 |  14310 |  21990 |  30 | 1457.2 |
       Dungeon |  17182 |  16113 |   1069 |   2773 |  10972 |  15 | 1145.5 |
        Temple |     84 |     84 |      0 |      0 |     22 |   1 |   84.0 |
          Lair |   7256 |   6745 |    511 |   1194 |   4547 |   5 | 1451.2 |
        Shoals |  11323 |  11185 |    138 |   6472 |   3387 |   4 | 2830.8 |
   Spider Nest |    558 |    549 |      9 |    378 |    100 |   1 |  558.0 |
  Orcish Mines |   2528 |   2467 |     61 |    878 |   1266 |   2 | 1264.0 |
        Vaults |   4781 |   4767 |     14 |   2613 |   1694 |   2 | 2390.5 |
               +--------+--------+--------+--------+--------+-----+--------+

Top non-repeatable levels by time:
Shoals:3: 5139 daAuts
Vaults:1: 4340 daAuts
Shoals:2: 2429 daAuts
  Lair:5: 2019 daAuts
Shoals:4: 1916 daAuts
    D:10: 1904 daAuts
Shoals:1: 1838 daAuts
    D:15: 1777 daAuts
  Lair:2: 1703 daAuts
  Lair:3: 1640 daAuts
   Orc:1: 1596 daAuts
     D:9: 1557 daAuts
    D:12: 1529 daAuts
     D:6: 1309 daAuts
     D:7: 1234 daAuts
